Unix NetHack Version 5.0.0-0 post-release - last build Jun 10 2026 00:39:30 (3ee93aec679c4c4259841fe613dc97188e26a321,branch:main).

Game began 2026-06-12 19:25:14, ended 2026-06-13 14:42:03.

IanCurtis, chaotic male elven Wizard

                             ----    -----
                             |..------.|.--
                -----       --)...--......|                           --- ----
               --. ..       |..))...[.....--     ----                --..--..|
               -....(-      --.............|    --..--               |.......--
                 .....--     |............--    |....|               #-.......|
                   .....     --<..........| -----....|               |.......--
                    `...-------...........---.....-..------------- # --......--
                     -................)..)).).(..................##   |.......|
                  -- |........))........s....-------------######.--   --......|
         |  -- -- |.--......--........[...----                 |..-----|.....--
    |  ---........................-.........|                  --....*|---...--
    |...................@.-------.....--....-                   -----.|---....|
    ---............--...d-|    --.....-|.....-                      |.--.....--
      --.........   ----..|--- |.......|-.|....  -                  |........--
       --...... -- ------.|..---......------.....---          -------.>...%...|
        |....    |.......`............................-       |..|.|....).....|
        |..      -----------...........------...-------       |..............--
        ---                |......--..--     ..--             |...^|........--
                           ------------      ---              ---.---.-------
                                                                --- ---
IanCurtis the Thaumaturge  St:10 Dx:10 Co:15 In:20 Wi:14 Ch:10  Chaotic
Dlvl:8  $:169 HP:0(52) Pw:75(101) AC:7  Xp:8 T:5893  Hungry   Burdened

Latest messages:
 You feel much better.
 You feel purified.
 The warg bites!
 The werewolf summons help!
 A wolf suddenly appears next to you!
 A wolf suddenly appears next to you!
 A warg suddenly appears next to you!
 A wolf suddenly appears next to you!
 A wolf suddenly appears next to you!
 The werewolf bites!
 The paper golem hits!
 What do you want to read? [ijsu or ?*] i
 As you read the scroll, it disappears.
 You materialize in a different location!
 You hear some noises in the distance.
 You are beginning to feel hungry.
 In what direction? l
 The spell hits the wolf!
 The spell misses the wolf.
 In what direction? l
 The spell misses the wolf.
 The spell hits the wolf!
 The spell hits the werewolf!
 The werewolf resists!
 The wolf bites!
 In what direction? <space>
 The magical energy is released!
 The spell hits the wolf.
 The spell misses the wolf.
 The wolf bites!
 The wolf bites!
 In what direction? l
 The spell hits the wolf!
 You kill the wolf!
 The spell hits the wolf!
 You kill the wolf!
 You hit the wolf!
 The wolf bites!
 The wolf bites!
 In what direction? l
 The spell misses the wolf.
 The spell hits the paper golem!
 The wolf bites!
 What do you want to write with? [- acehnrGU or ?*] ?
 You write in the dust with your fingertip.
 What do you want to write in the dust here? Elbereth
 The wolf turns to flee.
 The werewolf bites!
 You die...
 Do you want your possessions identified? [ynq] (y) q

Inventory:
 Coins    ('$')
  $ - 169 gold pieces
 Weapons  (')')
  a - a blessed +2 quarterstaff (weapon in hands)
 Armor    ('[')
  B - an uncursed +0 dunce cap
  q - an uncursed +0 orcish helm (being worn)
  z - an uncursed +0 pair of leather gloves (being worn)
  H - an uncursed +0 cloak of magic resistance (being worn)
 Comestibles  ('%')
  t - an uncursed food ration
 Scrolls  ('?')
  s - an uncursed scroll of enchant weapon
  j - 2 uncursed scrolls of identify
  u - an uncursed scroll of remove curse
 Rings    ('=')
  r - an uncursed ring of levitation
  U - an uncursed ring of regeneration
  e - an uncursed ring of shock resistance
 Wands    ('/')
  c - a wand of make invisible (0:5)
  h - a wand of secret door detection (0:14)
 Tools    ('(')
  b - an uncursed bag of holding containing 30 items
  o - an uncursed leather drum
  y - an uncursed blindfold
  k - an uncursed lock pick
  n - a magic marker (0:22)
  Y - a cursed oil lamp
  d - a +0 pick-axe
  p - an uncursed tallow candle
  R - a cursed tallow candle
 Gems/Stones  ('*')
  G - an uncursed luckstone named luck?

Contents of the bag of holding:
  an uncursed scroll of stinking cloud
  an uncursed scroll of charging
  an uncursed scroll of confuse monster
  an uncursed scroll of punishment
  an uncursed scroll of genocide
  an uncursed scroll of scare monster
  an uncursed scroll of destroy armor
  a blessed scroll of amnesia
  3 uncursed scrolls of blank paper
  an uncursed scroll of identify
  a blessed scroll of remove curse
  a cursed scroll of teleportation
  an uncursed spellbook of haste self
  a cursed potion of invisibility
  an uncursed potion of monster detection
  a blessed potion of gain ability
  a blessed potion of object detection
  4 uncursed potions of healing
  3 cursed potions of healing
  a blessed potion of booze
  6 uncursed potions of booze named booze
  2 uncursed potions of fruit juice
  a cursed potion of fruit juice
  an uncursed potion of enlightenment
  an uncursed potion of sickness
  an uncursed potion of gain energy
  an uncursed potion of confusion
  a blessed potion of see invisible
  3 uncursed potions of speed
  2 uncursed potions of water

IanCurtis the Wizard's attributes:

Background:
 You were a Thaumaturge, a level 8 male elven Wizard.
 You were chaotic, on a mission for Anhur
 who was opposed by Ptah (lawful) and Thoth (neutral).
 You were right-handed.
 You were in the Gnomish Mines, on level 8.
 You entered the dungeon 5893 turns ago.
 You had 1516 experience points, 1044 more were needed to attain level 9.

Basics:
 You had 0 out of 52 hit points.
 You had 75 out of 101 energy points (spell power).
 Your armor class was 7.
 Your wallet contained 169 zorkmids.
 Autopickup was off.

Final Characteristics:
 Your strength was 10 (limit:18).
 Your dexterity was 10 (limit:18).
 Your constitution was 15 (limit:16).
 Your intelligence was 20 (limit:20).
 Your wisdom was 14 (limit:20).
 Your charisma was 10 (limit:18).

Final Status:
 You were hungry.
 You were burdened; movement was slightly slowed.
 You were wielding a quarterstaff.
 You were skilled in quarterstaff.

Final Attributes:
 You were piously aligned.
 You were magic-protected.
 You were sleep resistant.
 You were telepathic.
 You had infravision.
 You were warded.
 You were lucky.
 You had extra luck.
 Bad luck did not time out for you.
 Good luck did not time out for you.
 You are dead.

Miscellaneous:
 You didn't encounter any bones levels.
 Total elapsed playing time was 41 minutes and 38 seconds.

Major events:
 Turn
    1: IanCurtis the chaotic male elven Wizard entered the dungeon
  715: attained the rank of Conjurer (level 3)
 1902: entered the Gnomish Mines
 2664: reached Mine Town
 2666: attained the rank of Thaumaturge (level 6)
 5547: acquired the Mines' End luckstone
 5893: killed by a werewolf

Spells:
 Name                 Level Category     Fail Retention
 force bolt             1   attack         0%   71%-80%
 confuse monster        1   enchantment    0%   71%-80%
 clairvoyance           3   divination    66%   51%-75%
 haste self             3   escape        66%  76%-100%

Skills:
 Fighting Skills
   bare handed combat [Unskilled]
   riding             [Unskilled]
 Weapon Skills
   dagger             [Unskilled]
   knife              [Unskilled]
   axe                [Unskilled]
   short sword        [Unskilled]
   club               [Unskilled]
   mace               [Unskilled]
   quarterstaff       [Skilled]
   polearms           [Unskilled]
   spear              [Unskilled]
   trident            [Unskilled]
   sling              [Unskilled]
   dart               [Unskilled]
   shuriken           [Unskilled]
 Spellcasting Skills
   attack spells      [Basic]
   healing spells     [Unskilled]
   divination spells  [Unskilled]
   enchantment spells [Basic]
   clerical spells    [Unskilled]
   escape spells      [Unskilled]
   matter spells      [Unskilled]

Voluntary challenges:
 Character rerolling was not enabled.
 You never genocided any monsters.
 You never polymorphed an object.
 You never changed form.
 You used no wishes.
Achievements:
 You entered a shop.
 You attained the rank of Conjurer.
 You entered the Gnomish Mines.
 You entered a temple.
 You entered Minetown.
 You attained the rank of Thaumaturge.
 You completed the Gnomish Mines.

 The Dungeons of Doom: levels 1 to 6
    Level 1:
    Level 2: "spellbooks by down stair"
       A scroll shop, a grave.
       Stairs down to The Gnomish Mines.
    Level 3:
       An armor shop, a fountain.
    Level 4: "vault"
       A fountain.
    Level 5:
    Level 6:
 The Gnomish Mines: levels 3 to 10
    Level 3:
    Level 4:
    Level 5:
       Many shops, a temple and an altar, some fountains, a sink.
    Level 6:
    Level 7:
    Level 8: <- You were here.
       Final resting place for
          you, killed by a werewolf.
    Level 9:
    Level 10:


Vanquished creatures:
  a flaming sphere
 an ettin zombie
  2 wolves
  a dwarf leader
  a mountain nymph
  a rock mole
  3 fog clouds
 15 gnome leaders
  6 gnomish wizards
  a kobold mummy
  a gray ooze
  a paper golem
  a little dog
  2 floating eyes
 17 dwarves
  a kobold leader
  2 rothes
  3 giant bats
  5 monkeys
  2 orc zombies
  a dwarf zombie
  a wererat
  a werejackal
 an iguana
  a coyote
  a gas spore
  3 hobbits
  2 manes
  a large kobold
  a giant rat
  3 cave spiders
  2 green molds
 62 gnomes
  9 garter snakes
  a gnome zombie
  7 geckos
  5 jackals
  2 foxes
  a kobold
  2 goblins
  a sewer rat
  4 grid bugs
  4 bats
  5 lichens
  a kobold zombie
  5 newts
194 creatures vanquished.

No species were genocided or became extinct.

Game over:
                       ----------
                      /          \
                     /    REST    \
                    /      IN      \
                   /     PEACE      \
                  /                  \
                  |    IanCurtis     |
                  |      169 Au      |
                  |   killed by a    |
                  |     werewolf     |
                  |                  |
                  |                  |
                  |       2026       |
                 *|     *  *  *      | *
        _________)/\\_//(\/(/\)/\//\/|_)_______

Goodbye IanCurtis the Wizard...

You died in The Gnomish Mines on dungeon level 8 with 6667 points,
and 169 pieces of gold, after 5893 moves.
You were level 8 with a maximum of 52 hit points when you died.

